 Dungeon Crawl Stone Soup version 0.28.0-49-g6dfe1f597d (webtiles) character file.

Game seed: 16956565380192614458

110 Peloso the Covered (level 4, -1/40 HPs)
             Began as a Minotaur Fighter on May 18, 2022.
             Succumbed to a kobold's poison
             ... on level 3 of the Dungeon.
             The game lasted 00:03:27 (1822 turns).

Peloso the Covered (Minotaur Fighter)               Turns: 1822, Time: 00:03:28

Health: -1/40      AC: 12    Str: 20    XL:     4   Next: 61%
Magic:  3/3        EV:  5    Int:  5    God:
Gold:   81         SH:  5    Dex: 12    Spells: 3/3 levels left

rFire   + . .      SeeInvis .   a - +0 long sword
rCold   . . .      Faith    .   c - +0 buckler
rNeg    . . .      Spirit   .   f - +0 plate armour
rPois   .          Reflect  .   (helmet restricted)
rElec   .          Harm     .   (no cloak)
rCorr   .          Rampage  .   (no gloves)
Will    .....                   (no boots)
Stlth   ..........              (no amulet)
HPRegen 0.13/turn               h - ring of protection from fire
MPRegen 0.08/turn               j - ring of flight

@: lethally poisoned (-1 -> -22), flying
A: horns 2, retaliatory headbutt
a: no special abilities


You were on level 3 of the Dungeon.
You visited 1 branch of the dungeon, and saw 3 of its levels.

You collected 81 gold pieces.

Inventory:

Hand Weapons
 a - a +0 long sword (weapon)
Armour
 b - a +0 scale mail
 c - a +0 buckler (worn)
 f - a +0 plate armour (worn)
Jewellery
 h - a ring of protection from fire (left hand)
 j - a ring of flight (right hand)
 m - a +6 ring of intelligence
Scrolls
 e - 3 scrolls of teleportation {unknown}
 i - a scroll of fear {unknown}
 k - a scroll of amnesia {unknown}
 l - 2 scrolls of identify {unknown}
 n - a scroll of noise {unknown}
Potions
 d - a potion of might
 g - 2 potions of brilliance


   Skills:
 + Level 4.1 Fighting
 + Level 4.3 Long Blades
 + Level 4.5 Armour
 + Level 0.1 Dodging
 + Level 4.3 Shields


You had 3 spell levels left.
You didn't know any spells.
Your spell library contained the following spells:

 Spells                   Type           Power      Damage    Failure   Level
 Ozocubu's Armour         Ice            0%         N/A       100%        3
 Metabolic Englaciation   Hex/Ice        0%         N/A       100%        5
 Simulacrum               Ice/Necr       0%         N/A       100%        6


Dungeon Overview and Level Annotations

Branches:
Dungeon (3/15)

Altars:


Innate Abilities, Weirdness & Mutations

You have a pair of horns on your head.
You reflexively headbutt those who attack you in melee.


Message History

You closely miss the kobold. Your headbutt misses the kobold.
The kobold hits you but does no damage.
You completely miss the kobold. Your headbutt misses the kobold.
The kobold hits you but does no damage.
You hit the kobold.
You kill the kobold!
You hit the kobold. Your headbutt misses the kobold.
The kobold is severely wounded.
The kobold hits you but does no damage.
You are poisoned.
You hit the kobold but do no damage. You headbutt the kobold.
You kill the kobold!
You feel very sick.
The kobold throws a poisoned dart.
The poisoned dart hits you!
You are more poisoned.
You feel very sick. The kobold hits you but does no damage.
Things that are here:
a +1 dagger of venom; a +0 club; a kobold corpse You barely miss the kobold.
Your headbutt misses the kobold.
You feel very sick. The kobold hits you but does no damage.
You block the kobold's attack.
You completely miss the kobold.
You feel very sick. The kobold hits you with a +0 dagger.
* * * LOW HITPOINT WARNING * * *
Okay, then.
You feel sick.
Things that are here:
a quokka corpse; a rat corpse You feel sick.
The kobold throws a poisoned dart.
The poisoned dart hits you!
You are lethally poisoned!
Things that are here:
a +0 club; a +2 robe of fire resistance; a hobgoblin corpse
* * * LOW HITPOINT WARNING * * *
You feel very sick.
* * * LOW HITPOINT WARNING * * *
You feel sick.
The kobold throws a poisoned dart.
The poisoned dart hits you!
You are more poisoned.
You die...

.......##..'........ #.#
.♣♣♣...#...'.......[ #.#
.♣........K'......#+ #.#
.♣..♣......##.....# #..
....♣....### #....# #..
..........# ##### #.#
..........######### #..
......###KKKK)....#############..
......# ######.#@................
....†#########........#..........
...................).....#.######
|..>.........#####..#.........# #
.............)................###
......###############............
......# #.........### .....##
#.........# ....## #.........#


You could see 4 kobolds.

Vanquished Creatures
  Jessica (D:3)
  An adder (D:3)
  2 worms
  3 orcs (D:3)
  8 endoplasms
  2 giant cockroaches
  4 goblins
  5 hobgoblins
  4 quokkas
  6 ball pythons
  6 bats
  10 frilled lizards
  5 kobolds
  6 rats
63 creatures vanquished.

Vanquished Creatures (others)
  9 toadstools (D:3)
9 creatures vanquished.

Grand Total: 72 creatures vanquished

Notes
Turn   | Place    | Note
-------+----------+-------------------------------------------
     0 | D:1      | Peloso the Minotaur Fighter began the quest for the Orb.
     0 | D:1      | Reached XP level 1. HP: 19/19 MP: 0/0
   162 | D:1      | Reached XP level 2. HP: 27/27 MP: 1/1
   319 | D:1      | Reached XP level 3. HP: 30/33 MP: 2/2
   468 | D:1      | Found a faded altar of an unknown god.
   472 | D:1      | Found a faded altar of an unknown god.
  1555 | D:3      | Reached XP level 4. HP: 36/40 MP: 3/3
  1664 | D:3      | Noticed Jessica
  1701 | D:3      | Killed Jessica
  1822 | D:3      | Succumbed to a kobold's poison

Illustrated notes

Levels and vault maps discovered:
D:1:      mrwooster_arrival_statue_2, layout_rooms,
          hellmonk_ecumenical_altar_the_god_not_taken, minmay_lizard_pond
D:2:      layout_loops_ring
D:3:      cheibrodos_fertilizer, layout_rooms, roderic_lattice_a,
          chequers_arboretum, chequers_garden, minmay_misc_feat_five,
          nrook_loot_triangle, kennysheep_generic_room_4, uniq_jessica

Skill      XL: |  1  2  3  4 |
---------------+-------------+-----
Armour         | 4 |  4.5
Fighting       | 4 |  4.1
Shields        | 4 |  4.3
Long Blades    | 3 4 |  4.3
Dodging        | |  0.1

Action                   |  1- 3 |  4- 6 || total
-------------------------+-------+-------++-------
Melee: Long sword        |   105 |    32 ||   137
       Headbutt          |    12 |     3 ||    15
  Use: Potion            |     3 |       ||     3
Armor: Plate armour      |    82 |    27 ||   109
       Scale mail        |     4 |       ||     4
Dodge: Dodged            |    41 |    12 ||    53
Block: Buckler           |    33 |    12 ||    45
